 Dungeon Crawl Stone Soup version 0.31-a0-371-ge323378 (webtiles) character file.

Game seed: 15507331456006398303

63 mezmerelda the Grave Robber (level 4, -12/36 HPs)
             Began as a Ghoul Necromancer on July 29, 2023.
             Mangled by an iguana (13 damage)
             ... on level 3 of the Dungeon.
             The game lasted 00:12:01 (2222 turns).

mezmerelda the Grave Robber (Ghoul Necromancer)     Turns: 2222, Time: 00:12:01

Health: -12/36     AC:  2    Str: 17    XL:     4   Next: 9%
Magic:  1/6        EV: 12    Int: 12    God:
Gold:   116        SH:  0    Dex:  9    Spells: 6/7 levels left

rFire   . .          .
                       - Unarmed
rCold   + . .        (no shield)
rNeg    + + +        a - +0 robe
rPois   ∞            (no helmet)
rElec   .            (no cloak)
rCorr   .            (no gloves)
SInv    .            (no boots)
Will    .....        (no amulet)
Stlth   ++           h - +6 ring of strength
HPRegen 0.00/turn    (no ring)
MPRegen 0.10/turn

%: no passive effects
@: inhibited regen
A: claws 1, cold resistance 1, negative energy resistance 3, inhibited
regeneration, torment resistance 2, devour on kill
a: no special abilities


You were on level 3 of the Dungeon.
You visited 1 branch of the dungeon, and saw 3 of its levels.

You collected 116 gold pieces.

Inventory:

Hand Weapons
 b - a +2 heavy sling
Armour
 a - a +0 robe (worn)
Magical Staves
 d - a staff of fire
Jewellery
 h - a +6 ring of strength (left claw)
Scrolls
 e - a scroll of teleportation
 k - a scroll of poison {unknown}
 l - a scroll of identify
Potions
 c - a potion of magic
 f - a potion of attraction
 g - a potion of might
 i - a potion of brilliance
 j - 2 potions of curing {unknown}


   Skills:
 + Level 1.9 Fighting
 - Level 1.7 Dodging
 - Level 2.1 Stealth
 + Level 1.9 Unarmed Combat
 - Level 2.2 Spellcasting
 - Level 4.3 Necromancy


You had 6 spell levels left.
You knew the following spells:

 Your Spells              Type           Power      Damage    Failure   Level
a - Necrotise             Necr           44%        1d6       4%          1

Your spell library contained the following spells:

 Spells                   Type           Power      Damage    Failure   Level
 Vampiric Draining        Necr           11%        2d6       13%         3
 Animate Dead             Necr           11%        N/A       41%         4
 Agony                    Necr           11%        N/A       77%         5


Dungeon Overview and Level Annotations

Branches:
Dungeon (3/15)

Altars:

Annotations:
D:3 1 runed translucent door


Innate Abilities, Weirdness & Mutations

You are immune to poison.
You have sharp fingernails.
Your flesh is cold resistant. (rC+)
You are immune to negative energy. (rN+++)
You do not regenerate when monsters are visible.
You are immune to unholy pain and torment.
You thrive by killing the living.


Message History

Casting: Necrotise (safe; 4% risk of failure)
Confirm with . or Enter, or press ? or * to list all spells.
Aiming: Necrotise (safe; 4% risk of failure)
Press: ? - help, Shift-Dir - straight line, f/p - iguana
Aim: an iguana (heavily wounded, chance to affect: 73%)
The iguana writhes in agony.
The iguana misses you.
Casting: Necrotise (safe; 4% risk of failure)
Confirm with . or Enter, or press ? or * to list all spells.
Aiming: Necrotise (safe; 4% risk of failure)
Press: ? - help, Shift-Dir - straight line, f/p - iguana
Aim: an iguana (severely wounded, chance to affect: 73%)
The iguana struggles to resist.
The iguana bites you but does no damage.
Casting: Necrotise (safe; 4% risk of failure)
Confirm with . or Enter, or press ? or * to list all spells.
Aiming: Necrotise (safe; 4% risk of failure)
Press: ? - help, Shift-Dir - straight line, f/p - iguana
Aim: an iguana (severely wounded, chance to affect: 73%)
The iguana writhes in agony.
The iguana barely misses you. The iguana attacks as you move away!
The iguana closely misses you.
Casting: Necrotise (safe; 4% risk of failure)
Confirm with . or Enter, or press ? or * to list all spells.
Aiming: Necrotise (safe; 4% risk of failure)
Press: ? - help, Shift-Dir - straight line, f/p - iguana
Aim: an iguana (almost dead, chance to affect: 73%)
The iguana writhes in agony.
The iguana completely misses you.
You closely miss the iguana.
The iguana is almost dead.
The iguana bites you.
* * * LOW HITPOINT WARNING * * *
Casting: Necrotise (safe; 4% risk of failure)
Confirm with . or Enter, or press ? or * to list all spells.
Aiming: Necrotise (safe; 4% risk of failure)
Press: ? - help, Shift-Dir - straight line, f/p - iguana
Aim: an iguana (almost dead, chance to affect: 73%)
The iguana struggles to resist.
The iguana bites you!
* * * LOW HITPOINT WARNING * * *
The iguana attacks as you move away! The iguana completely misses you.
The iguana attacks as you move away! The iguana bites you!
You die...

#.#.##.#
#.#.##.#
#......#
###.#### #.#
.########
#.#
........#
#.#
#.########.#
#.......l@.#
############


You could see an iguana.

Vanquished Creatures
  2 adders (D:2)
  A worm (D:2)
  6 ball pythons
  3 bats (D:2)
  3 endoplasms
  4 giant cockroaches
  4 goblins
  3 hobgoblins
  4 jackals (D:1)
  4 kobolds
  4 frilled lizards
38 creatures vanquished.

Notes
Turn   | Place    | Note
-------+----------+-------------------------------------------
     0 | D:1      | mezmerelda the Ghoul Necromancer began the quest for the
                  | Orb.
     0 | D:1      | Reached XP level 1. HP: 14/14 MP: 2/2
   208 | D:1      | Reached XP level 2. HP: 20/20 MP: 4/4
   899 | D:1      | Found a faded altar of an unknown god.
  1145 | D:2      | Reached XP level 3. HP: 27/27 MP: 5/5
  1264 | D:2      | Reached skill level 1 in Fighting
  1324 | D:2      | Reached skill level 1 in Unarmed Combat
  1840 | D:2      | Reached XP level 4. HP: 36/36 MP: 4/6
  2137 | D:3      | Found a runed translucent gate.
  2219 | D:3      | HP: 1/36 [iguana (8)]
  2222 | D:3      | Mangled by an iguana

Illustrated notes

Levels and vault maps discovered:
D:1:      dpeg_arrival_signposts, layout_basic, serial_corexii_hall,
          corexii_hall_statues_deadend, chequers_hall_statues_y,
          dilly_ecumenical_altar_fadedgnrine, hangedman_decor_opposing
D:2:      layout_basic
D:3:      layout_loops_cross, okawaru_metal_pillars_1_2, ebering_ghost_gozag

Skill      XL: |  1  2  3 |
---------------+----------+-----
Spellcasting   | 2 |  2.2
Fighting       | 1 |  1.9
Unarmed Combat | 1 |  1.9
Dodging        | |  1.7
Stealth        | |  2.1
Necromancy     | |  4.3

Action                     |  1- 3 |  4- 6 || total
---------------------------+-------+-------++-------
  Melee: Unarmed           |    60 |     7 ||    67
         Punch             |     1 |       ||     1
   Fire: Sling             |    43 |     7 ||    50
   Cast: Necrotise         |    20 |     6 ||    26
    Use: Scroll            |     4 |       ||     4
 Armour: Robe              |    14 |     1 ||    15
  Dodge: Dodged            |    60 |     9 ||    69

Table legend: (Time is in decaauts)
 A = Elapsed time spent in this place.
 B = Non-inter-level travel time spent in this place.
 C = Inter-level travel time spent in this place.
 D = Time resting spent in this place.
 E = Time spent auto-exploring this place.
 F = Levels seen in this place.
 G = Mean time per level.
                   A        B        C        D        E       F      G
               +--------+--------+--------+--------+--------+-----+--------+
         Total |   2255 |   2130 |    125 |     39 |   1721 |   3 |  751.7 |
       Dungeon |   2255 |   2130 |    125 |     39 |   1721 |   3 |  751.7 |
               +--------+--------+--------+--------+--------+-----+--------+

Top non-repeatable levels by time:
     D:2: 1077 daAuts
     D:1: 1070 daAuts
     D:3: 106 daAuts
